 Dungeon Crawl Stone Soup version 0.16-a0-1970-g0967df0 (webtiles) character file.

2613 Yukai the Covert (level 9, -3/42 HPs)
             Began as a Vine Stalker Assassin on Nov 6, 2014.
             Was a Believer of Dithmenos.
             Shot with a sling bullet by Joseph (7 damage)
             ... on level 8 of the Dungeon on Nov 7, 2014.
             The game lasted 00:39:28 (6925 turns).

Yukai the Covert (Vine Stalker Assassin)            Turns: 6925, Time: 00:39:28

Health: -3/42      AC:  7    Str: 13    XL:     9   Next: 60%
Magic:  0/12       EV: 17    Int: 11    God:    Dithmenos [**....]
Gold:   186        SH:  0    Dex: 20    Spells: 0 memorised, 8 levels left

rFire  . . .     SeeInvis .     b - +0 blowgun
rCold  . . .     Clarity  .     G - +1 robe {rN+}
rNeg   + . .     SustAb   .     (no shield)
rPois  +         Gourm    .     (no helmet)
rElec  .         Spirit   +     J - +1 cloak
rCorr  .         Warding  .     (no gloves)
rMut   .         Stasis   .     r - +1 pair of boots
MR     +....                    H - amulet of regeneration
Stlth  ++++++++..               p - ring of poison resistance
                                y - ring of stealth

@: wreathed by umbra, somewhat resistant to hostile enchantments,
extraordinarily stealthy
A: fangs 3, regeneration 3, magic shield, antimagic bite, no device heal 3, rot
immunity
a: Shadow Step, Renounce Religion


You were on level 8 of the Dungeon.
You worshipped Dithmenos.
Dithmenos was pleased with you.
You were hungry.

You visited 2 branches of the dungeon, and saw 9 of its levels.

You collected 292 gold pieces.
You spent 106 gold pieces at shops.

Inventory:

Hand weapons
 b - a +0 blowgun (weapon)
 n - a +2 dagger of venom
 v - a +3 dagger of protection
Missiles
 e - 76 poisoned needles (quivered)
 f - 2 curare-tipped needles
 o - 6 silver javelins
 E - 11 tomahawks
Armour
 r - a +1 pair of boots (worn)
 G - a +1 robe of positive energy (worn)
 J - a +1 cloak (worn)
Jewellery
 d - an uncursed amulet of resist corrosion {unknown}
 p - a ring of poison resistance (right hand)
 s - an uncursed ring of protection from magic
 y - a ring of stealth (left hand)
 A - an uncursed ring of see invisible
 C - a +4 ring of intelligence
 H - an amulet of regeneration (around neck)
Magical devices
 a - a wand of frost (20)
Scrolls
 i - 4 scrolls of teleportation
 l - 4 scrolls of remove curse
 q - a scroll of magic mapping
 D - 2 scrolls of amnesia
Potions
 h - a potion of resistance {unknown}
 j - 2 potions of restore abilities
 k - 2 potions of agility
 m - a potion of haste
 t - a potion of magic
 u - a potion of curing
 x - a potion of heal wounds {unknown}
 z - 3 potions of brilliance
 F - a potion of poison {unknown}
Comestibles
 c - a meat ration
 g - 4 bread rations
 B - 4 fruits


   Skills:
 - Level 1.7 Fighting
 + Level 6.9 Short Blades
 - Level 1.7 Throwing
 + Level 6.2 Dodging
 + Level 10.6 Stealth


You had 8 spell levels left.
You didn't know any spells.

Dungeon Overview and Level Annotations

Branches:
Dungeon (8/15)             Temple (1/1) D:5
   Lair: D:8-11

Altars:
Ashenzari
Cheibriados
Dithmenos
Elyvilon
Fedhas
Gozag
Kikubaaqudgha
Makhleb
Nemelex Xobeh
Okawaru
Qazlal
Ru
Sif Muna
Trog
Vehumet
Xom
Yredelemnul
Zin
The Shining One

Shops:
D:4 (?[?   D:7 %

Annotations:
D:5 exclusion: oklob plant
D:8 Joseph


Innate Abilities, Weirdness & Mutations

You have razor-sharp teeth.
You regenerate.
When hurt, damage is shared between your health and your magic reserves.
Your bite disrupts and absorbs the magic of your enemies.
Potions and wands cannot restore your health.
You are immune to rotting.


Message History

Press: ? - help, Shift-Dir - straight line, f - Joseph
Aim: Joseph, wielding a hunting sling and wearing a leather armour You shoot a poisoned needle.
The poisoned needle hits Joseph!
Joseph is poisoned.
Joseph shoots a sling bullet.
The sling bullet hits you!
* * * LOW HITPOINT WARNING * * *
Firing (i - inventory. (,) - cycle):
e - 78 poisoned needles (quivered)
Press: ? - help, Shift-Dir - straight line, f/p - Joseph
Aim: Joseph, wielding a hunting sling and wearing a leather armour (poisoned)
You shoot a poisoned needle. The poisoned needle hits Joseph!
Joseph looks even sicker.
Joseph shoots a sling bullet.
The sling bullet hits you but does no damage.
Firing (i - inventory. (,) - cycle):
e - 77 poisoned needles (quivered)
Press: ? - help, Shift-Dir - straight line, f/p - Joseph
Aim: Joseph, wielding a hunting sling and wearing a leather armour (lightly wounded, poisoned)
You shoot a poisoned needle. The poisoned needle hits Joseph!
Joseph is lightly wounded.
Joseph shoots a sling bullet.
The sling bullet hits you!
* * * LOW HITPOINT WARNING * * *
Joseph shoots a sling bullet.
The sling bullet hits you!
You die...

############|
##...@........
...#(h.(........$
.>...................
....................
.../!..............
...................
..l.#.....@.......
......?.........
$...[.........


You could see Joseph and a hound.

Vanquished Creatures
  Eustachio (D:5)
  Edmund (D:5)
  An orc warrior (D:7)
  A sky beast (D:5)
  A centaur (D:4)
  6 ogres
  3 giant frogs (D:7)
  3 wights (D:6)
  A hippogriff skeleton (D:5)
  6 killer bees (D:7)
  3 orc priests (D:7)
  2 crimson imps (D:6)
  4 hounds
  An iguana (D:7)
  6 worker ants
  5 orc wizards
  7 gnolls
  9 adders
  2 shadow imps
  3 worms
  A giant mite (D:3)
  2 adder zombies
  An orc skeleton (D:4)
  5 giant geckos
  An ooze (D:6)
  37 orcs
  8 bats
  5 giant cockroaches
  10 goblins
  16 hobgoblins
  14 jackals
  4 quokkas
  11 giant newts
  A giant spore (D:7)
  A jackal skeleton (D:4)
  18 kobolds
  8 rats
  A rat skeleton (D:5)
  A rat zombie (D:7)
  2 butterflies
213 creatures vanquished.

Notes
Turn   | Place    | Note
--------------------------------------------------------------
     0 | D:1      | Yukai, the Vine Stalker Assassin, began the quest for the Orb.
     0 | D:1      | Reached XP level 1. HP: 11/11 MP: 1/1
    77 | D:1      | Reached skill level 5 in Stealth
    98 | D:1      | Reached skill level 1 in Dodging
   140 | D:1      | Reached XP level 2. HP: 15/15 MP: 3/3
   601 | D:1      | Reached XP level 3. HP: 13/18 MP: 2/4
   703 | D:1      | Found an opulent altar of Gozag.
   919 | D:2      | Found a radiant altar of Vehumet.
  1176 | D:2      | Reached XP level 4. HP: 17/23 MP: 5/5
  1907 | D:3      | Reached skill level 6 in Stealth
  1907 | D:3      | Reached XP level 5. HP: 26/26 MP: 5/7
  2911 | D:3      | Gained mutation: You heal very quickly. [vine stalker growth]
  2911 | D:3      | Reached XP level 6. HP: 30/30 MP: 8/8
  3004 | D:4      | Found Axka's Armour Shop.
  3083 | D:4      | Bought a +1 robe of positive energy for 106 gold pieces
  3546 | D:4      | Found Chieqa's Antique Weapon Emporium.
  3590 | D:4      | Reached skill level 7 in Stealth
  3590 | D:4      | Reached XP level 7. HP: 17/34 MP: 9/9
  3754 | D:4      | Found Dumom's Magic Scroll Shop.
  3903 | D:4      | Found Taunaduk's Magic Scroll Emporium.
  3938 | D:5      | Entered Level 5 of the Dungeon
  4038 | D:5      | Noticed Eustachio
  4057 | D:5      | Found a staircase to the Ecumenical Temple.
  4068 | Temple   | Entered the Ecumenical Temple
  4146 | Temple   | Became a worshipper of Dithmenos the Shadowed
  4165 | D:5      | Found a blossoming altar of Fedhas.
  4192 | D:5      | Noticed an oklob plant
  4261 | D:5      | Found a bloodstained altar of Trog.
  4447 | D:5      | Noticed Edmund
  4636 | D:5      | Found a bloodstained altar of Trog.
  4663 | D:5      | Found a shimmering altar of Xom.
  4675 | D:5      | Upgraded the game from 0.16-a0-1885-g0f03bb0 to 0.16-a0-1970-g0967df0
  4779 | D:5      | Reached skill level 8 in Stealth
  4987 | D:5      | Killed Edmund
  4987 | D:5      | Gained mutation: You have razor-sharp teeth. [vine stalker growth]
  4987 | D:5      | Reached XP level 8. HP: 25/38 MP: 8/11
  5061 | D:5      | Killed Eustachio
  5061 | D:5      | Reached skill level 5 in Short Blades
  5280 | D:6      | Gained mutation: You regenerate. [potion of beneficial mutation]
  5520 | D:6      | Reached skill level 9 in Stealth
  5529 | D:6      | Reached skill level 5 in Dodging
  5652 | D:6      | Found a sparkling altar of Nemelex Xobeh.
  5992 | D:7      | Reached XP level 9. HP: 27/42 MP: 7/12
  6002 | D:7      | Acquired Dithmenos' first power
  6046 | D:7      | Found Qonam's Food Shoppe.
  6153 | D:7      | HP: 1/42 [orc warrior/halberd (16)]
  6211 | D:7      | Reached skill level 10 in Stealth
  6306 | D:7      | Found an iron altar of Okawaru.
  6306 | D:7      | Found a shattered altar of Ashenzari.
  6425 | D:7      | Found a shimmering altar of Xom.
  6866 | D:8      | Noticed Joseph
  6924 | D:8      | HP: 2/42 [Joseph/ sling bullet (12)]
  6925 | D:8      | Shot with a sling bullet by Joseph

Action                   |  1- 3 |  4- 6 |  7- 9 || total
-------------------------+-------+-------+-------++-------
Melee: Dagger            |    91 |   277 |   450 ||   818
 Fire: Blowgun           |       |     8 |     8 ||    16
Throw: Javelin           |       |     4 |       ||     4
       Tomahawk          |       |     3 |       ||     3
  Use: Scroll            |       |    12 |     9 ||    21
       Potion            |       |     4 |     2 ||     6
 Stab: Sleeping          |    12 |    11 |    28 ||    51
       Distracted        |       |       |     4 ||     4
  Eat: Chunk             |       |     8 |     8 ||    16
       Fruit             |       |     1 |     2 ||     3
       Beef jerky        |       |       |     1 ||     1
